 Dungeon Crawl Stone Soup version 0.29.1-2-gbd0b4ee654 (webtiles) character file.

Game seed: 4845838085571089504

305 MTVSty1e the Chopper (level 6, -8/51 HPs)
             Began as a Minotaur Fighter on Oct 23, 2022.
             Killed by divine providence
             ... invoked by an orc priest
              (15 damage)
             ... on level 4 of the Dungeon.
             The game lasted 00:02:58 (3067 turns).

MTVSty1e the Chopper (Minotaur Fighter)             Turns: 3067, Time: 00:02:59

Health: -8/51      AC: 14    Str: 22    XL:     6   Next: 16%
Magic:  5/5        EV:  6    Int:  5    God:
Gold:   198        SH:  4    Dex: 10    Spells: 5/5 levels left

rFire   . . .      SeeInvis .   a - +0 war axe
rCold   . . .      Faith    .   c - +0 buckler
rNeg    . . .      Spirit   .   m - +3 plate armour {Will+}
rPois   .          Reflect  .   (helmet restricted)
rElec   .          Harm     .   (no cloak)
rCorr   .          Rampage  .   (no gloves)
Will    +....                   (no boots)
Stlth   ..........              (no amulet)
HPRegen 0.17/turn               (no ring)
MPRegen 0.09/turn               (no ring)

@: no status effects
A: horns 2, retaliatory headbutt
a: no special abilities


You were on level 4 of the Dungeon.
You visited 1 branch of the dungeon, and saw 4 of its levels.

You collected 198 gold pieces.

Inventory:

Hand Weapons
 a - a +0 war axe (weapon)
Armour
 b - a +0 scale mail
 c - a +0 buckler (worn)
 m - a +3 plate armour of willpower (worn)
Jewellery
 f - a +4 ring of protection
 j - a ring of willpower
 k - an amulet of faith
 n - a ring of protection from fire
Scrolls
 e - 2 scrolls of blinking {unknown}
 h - 2 scrolls of noise {unknown}
 i - 3 scrolls of identify {unknown}
 l - a scroll of butterflies {unknown}
 o - a scroll of enchant weapon {unknown}
Potions
 d - a potion of might
 g - a potion of lignification


   Skills:
 - Level 3.6 Fighting
 + Level 7.9 Axes
 - Level 3.6 Armour
 - Level 3.6 Shields


You had 5 spell levels left.
You didn't know any spells.
Your spell library contained the following spells:

 Spells                   Type           Power      Damage    Failure   Level
 Poisonous Vapours        Pois/Air       0%         N/A       100%        2
 Corpse Rot               Necr/Pois/Air  0%         N/A       100%        4


Dungeon Overview and Level Annotations

Branches:
Dungeon (4/15)
 Temple: D:4-7

Altars:
Gozag

Shops:
D:3 :

Annotations:
D:4 3 runed translucent doors, Larmestyx's ghost, amateur DsNe


Innate Abilities, Weirdness & Mutations

You have a pair of horns on your head.
You reflexively headbutt those who attack you in melee.


Message History

No target in view!
No target in view!
l - a scroll labelled MEGOULADUH
Found a robe.
You open the door.
There is an open door here.
As you open the door, it creaks loudly!
An orc priest and 3 orc wizards come into view.
The orc wizard shouts! x2; The orc priest shouts!
The orc priest begins to cast a cantrip, but forgets the words!
You closely miss the orc wizard. Your headbutt misses the orc wizard.
You closely miss the orc wizard. Your headbutt misses the orc wizard.
You hit the orc wizard.
The orc wizard gestures wildly while chanting.
The orc wizard flickers and vanishes!
Deactivating autopickup; reactivate with Ctrl-A.
The orc wizard gestures at you while chanting.
The puff of flame hits you. You block the orc wizard's attack.
The orc priest invokes the aid of Beogh against you.
Beogh smites you!
The orc wizard hits you but does no damage.
The orc wizard hits you with a +0 dagger.
The orc wizard attacks as you move away!
The orc wizard hits you but does no damage.
The orc wizard attacks as you move away!
The orc wizard hits you but does no damage.
The orc wizard attacks as you move away!
The orc wizard closely misses you.
The orc wizard mumbles some strange words.
The orc wizard flickers and vanishes!
There is an open door here.
The orc priest calls down the wrath of Beogh upon you.
Beogh smites you!
You hear some strange, mumbled words.
A puff of flame appears from out of thin air!
The puff of flame hits you!
* * * LOW HITPOINT WARNING * * *
The orc priest mumbles some strange prayers to Beogh against you.
Beogh smites you!
You die...

.##.....##..................
.##....(####.####...........
.##.....# #.# #...........
.........# .# #...#'####..
#######..# .# #...#.#
#######..### #...#o#
......#.... #...#.#
.........# #####o##{#
#####....# #..@{..#.. #
##....#####.###.##.#
####..................
.........#####.###.##.#
####................# #
####..#..##.#########
.....##..##........
#######..########## #..#


You could see an orc priest.

Vanquished Creatures
  A hound (D:4)
  2 orc priests (D:4)
  An orc wizard (D:4)
  3 iguanas (D:4)
  4 adders
  2 worms
  2 dart slugs
  3 orcs
  5 endoplasms
  2 giant cockroaches
  8 goblins
  8 hobgoblins
  3 jackals (D:3)
  A quokka (D:3)
  6 ball pythons
  8 bats
  4 frilled lizards
  3 kobolds
  4 rats
70 creatures vanquished.

Notes
Turn   | Place    | Note
-------+----------+-------------------------------------------
     0 | D:1      | MTVSty1e the Minotaur Fighter began the quest for the Orb.
     0 | D:1      | Reached XP level 1. HP: 19/19 MP: 0/0
   111 | D:1      | Reached skill level 3 in Axes
   183 | D:1      | Reached XP level 2. HP: 26/26 MP: 1/1
   464 | D:1      | Reached skill level 4 in Axes
  1146 | D:2      | Reached XP level 3. HP: 31/31 MP: 2/2
  1424 | D:2      | Reached skill level 5 in Axes
  1727 | D:3      | Found Riwy's Book Shop.
  1843 | D:3      | Reached XP level 4. HP: 39/39 MP: 3/3
  2435 | D:4      | Reached skill level 6 in Axes
  2495 | D:4      | Reached XP level 5. HP: 39/45 MP: 4/4
  2647 | D:4      | Found a runed translucent gate.
  2648 | D:4      | Found a runed translucent gate.
  2648 | D:4      | Found an opulent altar of Gozag.
  2649 | D:4      | Found a runed translucent gate.
  2653 | D:4      | Noticed Larmestyx's ghost (amateur DsNe)
  2675 | D:4      | Reached skill level 7 in Axes
  2683 | D:4      | HP: 3/67 [hound (1)]
  2691 | D:4      | HP: 2/67 [goblin/+0 club (1)]
  2696 | D:4      | Reached XP level 6. HP: 4/51 MP: 5/5
  3067 | D:4      | Killed from afar by an orc priest

Illustrated notes

Levels and vault maps discovered:
D:1:      roderic_octagonal_star, layout_basic, minmay_misc_feat_square
D:2:      layout_loops_ring
D:3:      layout_basic, serial_shops, shop_statue
D:4:      layout_basic, ebering_ghost_gozag, chequers_mini_garden,
          item_on_display_a

Skill      XL: |  1  2  3  4  5 |
---------------+----------------+-----
Axes           | 3 4 5 6 7 |  7.9
Fighting       | |  3.6
Armour         | |  3.6
Shields        | |  3.6

Action                   |  1- 3 |  4- 6 || total
-------------------------+-------+-------++-------
Melee: War axe           |   109 |    75 ||   184
       Headbutt          |    12 |     8 ||    20
  Use: Potion            |       |     4 ||     4
Armor: Scale mail        |    51 |     6 ||    57
       Plate armour      |       |    19 ||    19
       Skin              |       |    23 ||    23
Dodge: Dodged            |    43 |    22 ||    65
Block: Buckler           |    26 |    18 ||    44
